 Dungeon Crawl Stone Soup version 0.29.1-15-g9cfb28693d (webtiles) character file.

Game seed: 2785903969814111711

10007 Heoruswealwe the Skirmisher (level 11, -1/101 HPs)
             Began as a Demigod Hunter on Mar 25, 2023.
             Succumbed to a meliai's poison
             ... on level 9 of the Dungeon.
             The game lasted 01:23:33 (6390 turns).

Heoruswealwe the Skirmisher (Demigod Hunter)        Turns: 6390, Time: 01:23:34

Health: -1/101     AC: 11    Str: 11    XL:     11   Next: 9%
Magic:  14/14      EV: 24    Int: 14    God:
Gold:   339        SH:  0    Dex: 33    Spells: 10/10 levels left

rFire   . . .      SeeInvis +   b - +9 short sword "Dragon's Peril" {flame, Int+4}
rCold   . . .      Faith    .   (no shield)
rNeg    + . .      Spirit   .   B - +1 leather armour {rN+}
rPois   .          Reflect  .   o - +0 helmet
rElec   .          Harm     .   n - +2 cloak
rCorr   .          Rampage  .   (no gloves)
Will    +....                   E - +0 pair of boots
Stlth   +++++.....              l - amulet of regeneration
HPRegen 1.06/turn               H - +4 ring of evasion
MPRegen 0.14/turn               D - ring of see invisible

@: lethally poisoned (-1 -> -7), hasted, very quick
A: high MP 1, forlorn, divine attributes, iridescent scales 1, agile 1, robust 1
a: no special abilities


You were on level 9 of the Dungeon.
You visited 2 branches of the dungeon, and saw 11 of its levels.
You also visited: Ossuary.

You collected 696 gold pieces.
You spent 357 gold pieces at shops.

Inventory:

Hand Weapons
 a - a +0 arbalest
 b - the +9 short sword "Dragon's Peril" (weapon) {flame, Int+4}
   (You found it on level 3 of the Dungeon)

   It burns those it strikes, dealing additional fire damage.
   Int:       It affects your intelligence (+4).
 v - a +5 rapier of protection
Armour
 c - the +5 ring mail of the Five Moons {rPois rC+ Str+2 Int-5}
   (You found it on level 5 of the Dungeon)

   Str:       It affects your strength (+2).
   Int:       It affects your intelligence (-5).
   rC:        It protects you from cold.
   rPois:     It protects you from poison.
 f - a +0 helmet
 n - a +2 cloak (worn)
 o - a +0 helmet (worn)
 B - a +1 leather armour of positive energy (worn)
 E - a +0 pair of boots (worn)
 Q - a +0 pair of boots
Jewellery
 l - an amulet of regeneration (around neck)
 m - a ring of magical power
 D - a ring of see invisible (right hand)
 H - a +4 ring of evasion (left hand)
 I - an amulet of the acrobat
 J - an amulet of magic regeneration
 M - a ring of protection from fire
 N - a +6 ring of strength
 O - a ring of protection from fire
 P - a ring of protection from cold
Wands
 s - a wand of iceblast (19)
 G - a wand of paralysis (16)
Scrolls
 d - a scroll of magic mapping
 g - 12 scrolls of teleportation
 j - 2 scrolls of amnesia
 q - 2 scrolls of enchant armour
 y - 2 scrolls of enchant weapon
 L - a scroll of fog {unknown}
 R - a scroll of acquirement {unknown}
Potions
 e - 2 potions of cancellation
 h - 3 potions of invisibility {unknown}
 i - a potion of attraction {unknown}
 k - 3 potions of might {unknown}
 p - 6 potions of heal wounds {unknown}
 r - a potion of curing
 t - 3 potions of brilliance
 w - a potion of berserk rage
 x - a potion of magic
 z - a potion of lignification
 A - 2 potions of ambrosia
 C - a potion of flight
 F - 2 potions of haste
 K - a potion of mutation
 S - a potion of resistance {unknown}


   Skills:
 + Level 7.6 Fighting
 + Level 7.2 Long Blades
 + Level 8.3 Ranged Weapons
 + Level 7.5 Dodging
 + Level 8.1 Stealth


You had 10 spell levels left.
You didn't know any spells.
Your spell library contained the following spells:

 Spells                   Type           Power      Damage    Failure   Level
 Shock                    Conj/Air       0%         1d3       36%         1
 Sting                    Tmut/Pois      0%         1d3       36%         1
 Inner Flame              Hex/Fire       0%         N/A       75%         3
 Swiftness                Air            0%         N/A       75%         3
 Airstrike                Air            0%         2d(0-16)  98%         4
 Cause Fear               Hex            0%         N/A       98%         4
 Discord                  Hex            0%         N/A       100%        8


Dungeon Overview and Level Annotations

Branches:
Dungeon (10/15)            Temple (1/1) D:5            Lair (0/5) D:8
Ossuary (visited)
    Orc: D:9-12

Shops:
D:1 =   D:6 :   D:7 [(?*


Innate Abilities, Weirdness & Mutations

You have an increased reservoir of magic. (+10% MP)
You shall have no god before yourself.
Your divine heritage dramatically boosts your attributes as you level up.
You are partially covered in iridescent scales. (AC +2)
You are agile. (Dex +4, Str/Int -1)
You are robust. (+10% HP)


Message History

The meliai completely misses you. The meliai misses you.
The killer bee barely misses you.
The meliai hits you with a +0 broad axe!!
The meliai misses you.
You miss the killer bee.
The killer bee is severely wounded.
You feel sick.
The killer bee stings you but does no damage.
The meliai hits you with a +0 broad axe!
The meliai stings you. The killer bee misses you.
The meliai hits you with a +0 broad axe!
* * * LOW HITPOINT WARNING * * *
The meliai closely misses you.
You feel better. The killer bee stings you.
* * * LOW HITPOINT WARNING * * *
The meliai completely misses you. The meliai misses you.
The meliai barely misses you. The meliai misses you.
The killer bee completely misses you.
You feel yourself speed up. The killer bee closely misses you.
The meliai closely misses you. The meliai misses you.
The killer bee completely misses you. The meliai completely misses you.
The meliai barely misses you.
You miss the killer bee.
The killer bee is severely wounded.
The meliai invokes the aid of its god against you.
Something smites you!
* * * LOW HITPOINT WARNING * * *
The killer bee completely misses you.
You feel better. The killer bee misses you.
The meliai hits you with a +0 broad axe!
* * * LOW HITPOINT WARNING * * *
The meliai stings you!
* * * LOW HITPOINT WARNING * * *
You are lethally poisoned!
The meliai poisons you!
As you read the scroll of fear, it crumbles to dust.
You assume a fearsome visage.
The orc wizard looks frightened!
The killer bee looks frightened!
The meliai looks frightened!
The battlesphere is unaffected.
The tengu conjurer looks frightened!
You die...

#....... #...... ### #..... #..
######.... #.⌠ #....#.*. #..
##### #....#oQ #..
#...####....#y##############'#
##......#....#@yP.P.P.P#.......
#.......###..#.........#.......
#............#.........#.......
#............#.P.P.P.P.'.......
###............##################
.................................
..........(......................
..........†.#....................
##............###................


You could see a tengu conjurer (fleeing), a meliai (fleeing), a killer bee
(fleeing), an orc wizard (invisible, fleeing) and a battlesphere (distracted).

Vanquished Creatures
  3 two-headed ogres
  Pikel (D:7)
  Psyche (D:8)
  3 trolls (D:9)
  Prince Ribbit (D:7)
  2 hornets (D:8)
  3 wyverns
  8 yaks
  Eustachio (D:4)
  A steam dragon (D:8)
  A vampire mosquito (D:9)
  Grum (D:8)
  A water moccasin (D:5)
  Edmund (D:5)
  Duvessa (D:7)
  An ice beast (D:7)
  3 sky beasts
  5 orc warriors
  3 wolves (D:8)
  3 ogres
  3 centaurs
  A kobold brigand (D:8)
  5 bullfrogs
  2 gnoll sergeants
  3 necrophages
  2 water moccasin zombies (Ossuary)
  3 wights
  Dowan (D:7)
  3 killer bees
  2 howler monkeys
  4 jellies
  2 gnoll boudas (D:7)
  3 orc priests
  2 hounds
  4 iguanas
  6 orc wizards
  2 mummies (Ossuary)
  15 gnolls
  5 adders
  3 shadow imps
  2 white imps
  An ufetubus (D:4)
  7 adder zombies (Ossuary)
  2 worms
  2 dart slugs
  16 orcs
  6 ball pythons
  8 endoplasms
  6 giant cockroaches
  4 gnoll zombies (Ossuary)
  4 goblins
  12 hobgoblins
  3 jackals (D:2)
  5 quokkas
  8 bats
  3 frilled lizards
  6 hobgoblin zombies (Ossuary)
  5 kobolds
  9 kobold zombies (Ossuary)
  9 orc zombies (Ossuary)
  6 rats
  3 bushes (Temple)
242 creatures vanquished.

Vanquished Creatures (collateral kills)
  A bullfrog (D:7)
  2 killer bees (D:7)
3 creatures vanquished.

Vanquished Creatures (others)
  18 plants
18 creatures vanquished.

Grand Total: 263 creatures vanquished

Notes
Turn   | Place    | Note
-------+----------+-------------------------------------------
     0 | D:1      | Heoruswealwe the Demigod Hunter began the quest for the
                  | Orb.
     0 | D:1      | Reached XP level 1. HP: 17/17 MP: 3/3
    64 | D:1      | Reached skill level 1 in Stealth
   134 | D:1      | Reached XP level 2. HP: 24/24 MP: 4/4
   429 | D:1      | Found Wamyseopp's One-of-a-Kind Rings.
   501 | D:2      | Reached XP level 3. HP: 28/29 MP: 5/5
   518 | D:2      | Reached skill level 1 in Long Blades
  1449 | D:2      | Gained mutation: You are frail. (-10% HP) [potion of
                  | mutation]
  1497 | D:3      | Identified the +9 short sword "Dragon's Peril" {flame,
                  | Int+4}
  1739 | D:3      | Reached XP level 4. HP: 27/33 MP: 6/6
  1959 | D:4      | Got Sif Muna's Essays on Forms
  2040 | D:4      | Noticed an ogre
  2057 | D:4      | Killed an ogre
  2058 | D:4      | Reached XP level 5. HP: 39/39 MP: 7/7
  2119 | D:4      | Noticed Eustachio
  2169 | D:4      | Killed Eustachio
  2170 | D:4      | Reached XP level 6. HP: 31/45 MP: 8/8
  2224 | D:4      | Found a sand-covered staircase.
  2229 | Ossuary  | Entered an ossuary
  2368 | Ossuary  | Reached XP level 7. HP: 51/51 MP: 9/9
  2543 | D:4      | Noticed an angel
  2633 | D:5      | Entered Level 5 of the Dungeon
  2705 | D:5      | Reached skill level 5 in Ranged Weapons
  2784 | D:5      | Identified the +5 ring mail of the Five Moons {rPois rC+
                  | Str+2 Int-5}
  2801 | D:5      | Found a staircase to the Ecumenical Temple.
  2801 | D:5      | Noticed Edmund
  2813 | D:5      | Killed Edmund
  2847 | Temple   | Entered the Ecumenical Temple
  3372 | D:5      | Reached XP level 8. HP: 59/59 MP: 10/10
  3811 | D:6      | Found Qetodup's Book Shop.
  3887 | D:5      | You fall into a shaft and drop 2 floors!
  3887 | D:7      | Found Lileudgh's Magic Scroll Emporium.
  3896 | D:7      | Bought a scroll of identify for 28 gold pieces
  3896 | D:7      | Bought a scroll of identify for 28 gold pieces
  3945 | D:7      | Noticed Duvessa
  3946 | D:7      | Noticed Prince Ribbit
  3958 | D:7      | Found Fekesunu's Armour Shoppe.
  4027 | D:7      | Killed Prince Ribbit
  4028 | D:7      | Reached skill level 5 in Fighting
  4028 | D:7      | Reached skill level 5 in Stealth
  4036 | D:7      | Bought a +2 cloak for 247 gold pieces
  4077 | D:7      | Lost mutation: You are frail. (-10% HP) [potion of
                  | mutation]
  4077 | D:7      | Gained mutation: You have sharp fingernails. [potion of
                  | mutation]
  4077 | D:7      | Gained mutation: You are weak. (Str -2) [potion of
                  | mutation]
  4078 | D:7      | Lost mutation: You are weak. (Str -2) [potion of mutation]
  4078 | D:7      | Lost mutation: You have sharp fingernails. [potion of
                  | mutation]
  4078 | D:7      | Gained mutation: You are agile. (Dex +4, Str/Int -1)
                  | [potion of mutation]
  4078 | D:7      | Gained mutation: You are robust. (+10% HP) [potion of
                  | mutation]
  4078 | D:7      | Gained mutation: You are partially covered in iridescent
                  | scales. (AC +2) [potion of mutation]
  4091 | D:7      | Found Pedeog's Weapon Shop.
  4105 | D:7      | Reached skill level 5 in Dodging
  4178 | D:7      | Bought a +0 arbalest for 54 gold pieces
  4256 | D:7      | Noticed Dowan
  4260 | D:7      | Killed Dowan
  4264 | D:7      | Found Zarghiner's Assorted Antiques.
  4265 | D:7      | Noticed Pikel
  4274 | D:7      | Killed Pikel
  4275 | D:7      | Reached skill level 5 in Long Blades
  4275 | D:7      | Reached XP level 9. HP: 81/81 MP: 11/11
  4290 | D:7      | Killed Duvessa
  4834 | D:8      | Paralysed by a hornet for 2 turns
  5031 | D:8      | Noticed Grum
  5035 | D:8      | Killed Grum
  5171 | D:8      | Noticed Psyche
  5204 | D:8      | Killed Psyche
  5205 | D:8      | Reached XP level 10. HP: 89/92 MP: 13/13
  5226 | D:8      | Noticed a two-headed ogre
  5232 | D:8      | Killed a two-headed ogre
  5310 | D:8      | Found a staircase to the Lair.
  5716 | D:9      | Noticed a two-headed ogre
  5718 | D:9      | Killed a two-headed ogre
  5718 | D:9      | Noticed a two-headed ogre
  5732 | D:9      | Killed a two-headed ogre
  6101 | D:10     | Entered Level 10 of the Dungeon
  6214 | D:10     | Reached XP level 11. HP: 101/101 MP: 14/14
  6389 | D:9      | HP: 2/101 [meliai/+0 broad axe (9)]
  6390 | D:9      | Succumbed to a meliai's poison

Illustrated notes

Levels and vault maps discovered:
D:1:      lemuel_arrival_behind_the_door_small, layout_rooms,
          nicolae_shop_unique_rings, grunt_decor_junction
D:2:      layout_basic, minmay_nonomino_d4
D:3:      layout_rooms, kennysheep_generic_room_8
D:4:      layout_rooms, grunt_temple_overflow_order_and_chaos_1,
          grunt_temple_overflow_magic_moments, enter_ossuary_5,
          minmay_stone_trees_small, uniq_eustachio
D:5:      layout_loops_cross, minmay_temple_entry_offerings, uniq_edmund
D:6:      layout_rooms, serial_shops, nicolae_shop_hallway_stairs
D:7:      layout_basic, serial_shops, shop_fountains, shop_coins,
          nicolae_lakefront_shop, nicolae_shop_bloodbath_and_beyond,
          nicolae_kite_square_tiling_tiny, minivault_27, uniq_duvessa,
          uniq_pikel, uniq_prince_ribbit1
D:8:      nzn_winding_woodlands_small
          [nzn_winding_woodlands_5x15_pathside_ponds,
          nzn_winding_woodlands_center_garden,
          nzn_winding_woodlands_5x15_jagged], layout_cave_pools,
          nicolae_hepliaklqana_ecumenical_no_more,
          gammafunk_temple_overflow_wave, minmay_tree_intersection, uniq_psyche,
          uniq_grum
D:9:      minmay_klotski, layout_cross, eat_drink_and_be_merry_uskayaw,
          minmay_between
D:10:     layout_basic, grunt_temple_overflow_cloverleaf
Temple:   jpeg_temple_island

Skill      XL: |  1  2  3  4  5  6  7  8  9 10 11 |
---------------+----------------------------------+-----
Stealth        | 1 2 3 4 5 6 7 8 |  8.1
Fighting       | 2 3 4 5 6 7 |  7.6
Dodging        | 2 3 4 5 6 7 |  7.5
Long Blades    | 1 2 3 5 6 7 |  7.2
Ranged Weapons | 4 5 6 7 8 |  8.3

Action                   |  1- 3 |  4- 6 |  7- 9 | 10-12 || total
-------------------------+-------+-------+-------+-------++-------
Melee: Short sword       |     7 |   134 |   298 |   143 ||   582
       Punch             |       |     3 |     1 |     4 ||     8
 Fire: Shortbow          |   126 |    41 |    74 |       ||   241
       Arbalest          |       |       |    61 |    54 ||   115
  Use: Scroll            |     8 |       |    12 |     1 ||    21
       Potion            |     1 |       |     9 |     4 ||    14
 Stab: Sleeping          |       |     1 |     2 |     4 ||     7
Armor: Leather armour    |    36 |    42 |    34 |    28 ||   140
       Skin              |       |       |     1 |       ||     1
Dodge: Dodged            |    66 |   137 |   271 |   187 ||   661
